AoeStats
← Arc.Do.[Dstroyr]

Arena

493912095Analyzed
4v4 RM · 2mo ago on Jul 21, 2026· 40m 30s· 8 players
Game mode
Random Map
Map size
Large (8 player)
Population
200
Speed
Normal
Resources
Standard
Victory
Conquest
Starting age
Dark Age
Ending age
Imperial Age
RankedLock teamsTeams togetherTeam positionsShared explorationLock speedFull tech treeHidden civsTurbo modeCheats
Victory
Defeat
🇵🇪 Celts · Peru
1158
+17
🇹🇷 Turks · Türkiye
1153
+17
🇵🇪 Italians · Peru
1138
+17
🇫🇮 Berbers · Finland
1089
+20
🇨🇿 Lithuanians · Czechia
1190
-19
🇨🇿 Malians · Czechia
1188
-18
🇨🇿 Ethiopians · Czechia
1188
-18
🇨🇿 Franks · Czechia
1116
-15
Arc.Do.[Dstroyr]
9:46 Feudal Age
13:42 Castle Age
13:52 Loom
14:30 Fletching
15:44 Double-Bit Axe
15:40 Horse Collar
20:27 Bodkin Arrow
25:08 Imperial Age
23:26 Padded Archer Armor
24:12 Bow Saw
24:57 Heavy Plow
25:16 Leather Archer Armor
25:17 Gold Mining
28:12 Bracer
29:48 Ring Archer Armor
32:24 Two-Man Saw
33:41 Crop Rotation
33:51 Wheelbarrow
34:19 Ballistics
34:59 Chemistry
34:23 Silk Road
36:34 Hand Cart
37:14 Stone Mining
38:21 Conscription
Nuhro
11:13 Feudal Age
14:57 Castle Age
13:18 Double-Bit Axe
13:43 Horse Collar
20:29 Bow Saw
21:14 Gold Mining
22:19 Wheelbarrow
22:21 Heavy Plow
25:37 Hand Cart
28:44 Imperial Age
27:02 Gold Shaft Mining
26:27 Loom
27:37 Town Watch
28:11 Padded Archer Armor
28:06 Fletching
29:32 Stone Mining
30:37 Bloodlines
30:47 Bodkin Arrow
31:07 Leather Archer Armor
32:34 Two-Man Saw
32:19 Bracer
37:19 Ring Archer Armor
38:51 Parthian Tactics
41:02 Town Patrol
1Timoteo2:11
10:14 Feudal Age
15:18 Castle Age
13:50 Double-Bit Axe
14:09 Horse Collar
18:33 Bow Saw
21:23 Heavy Plow
22:43 Wheelbarrow
22:03 Gold Mining
23:40 Gold Shaft Mining
23:47 Forging
23:37 Scale Mail Armor
24:27 Stone Mining
25:49 Stone Shaft Mining
30:08 Imperial Age
28:08 Pikeman
30:30 Iron Casting
30:20 Ballistics
30:43 Chain Mail Armor
30:24 Capped Ram
31:14 Siege Engineers
31:04 Heavy Scorpion
33:00 Fortified Wall
33:51 Chemistry
33:23 Plate Mail Armor
33:22 Hand Cart
33:59 Conscription
33:05 Siege Ram
35:46 Blast Furnace
34:37 Fletching
34:09 Halberdier
34:35 Arson
34:36 Gambesons
34:59 Loom
34:59 Town Watch
37:38 Murder Holes
37:43 Bodkin Arrow
39:03 Furor Celtica
38:44 Stronghold
38:16 Elite Woad Raider
38:18 Man-at-Arms
39:12 Guilds
PAKETI
2:28 Loom
5:14 Loom
12:54 Feudal Age
16:46 Castle Age
14:32 Horse Collar
14:42 Double-Bit Axe
17:35 Heavy Plow
17:48 Bow Saw
28:14 Imperial Age
27:36 Kasbah
28:51 Fletching
28:26 Heavy Scorpion
29:30 Bodkin Arrow
30:06 Ballistics
29:53 Heavy Scorpion
30:52 Husbandry
30:55 Gold Mining
32:28 Chemistry
31:34 Siege Engineers
32:27 Crop Rotation
33:09 Wheelbarrow
34:48 Heavy Camel Rider
35:32 Padded Archer Armor
35:33 Bracer
35:56 Forging
36:59 Scale Barding Armor
41:03 Iron Casting
xrixcis
10:28 Feudal Age
14:09 Castle Age
12:26 Double-Bit Axe
12:25 Horse Collar
18:50 Loom
22:05 Bow Saw
22:54 Stone Mining
22:59 Gold Mining
23:14 Heavy Plow
24:13 Sanctity
24:14 Town Watch
25:54 Wheelbarrow
28:06 Scale Barding Armor
31:01 Imperial Age
29:18 Scale Barding Armor
29:25 Forging
29:06 Fletching
29:59 Hand Cart
30:43 Chain Barding Armor
32:15 Iron Casting
32:06 Bloodlines
31:57 Husbandry
32:29 Conscription
31:30 Elite Leitis
33:31 Plate Barding Armor
čuňas
9:50 Feudal Age
14:03 Castle Age
16:29 Loom
17:12 Loom
17:54 Double-Bit Axe
18:00 Horse Collar
19:31 Bow Saw
21:08 Fletching
22:05 Bodkin Arrow
22:54 Crossbowman
29:11 Imperial Age
28:33 Wheelbarrow
30:11 Ballistics
30:45 Bracer
30:06 Arbalester
30:40 Man-at-Arms
31:24 Scale Mail Armor
31:04 Onager
31:52 Long Swordsman
33:31 Chain Mail Armor
32:40 Two-Handed Swordsman
35:17 Thumb Ring
35:14 Padded Archer Armor
38:53 Chemistry
40:02 Caravan
exd
10:46 Feudal Age
14:49 Castle Age
12:59 Double-Bit Axe
21:41 Scale Barding Armor
23:06 Bow Saw
23:36 Chain Barding Armor
25:54 Forging
29:57 Imperial Age
28:13 Loom
29:03 Wheelbarrow
29:59 Iron Casting
29:34 Loom
30:18 Cavalier
30:59 Husbandry
31:39 Plate Barding Armor
32:04 Blast Furnace
34:26 Gold Mining
36:13 Paladin
36:37 Elite Skirmisher
37:55 Fletching
38:05 Padded Archer Armor
Leinad
11:13 Feudal Age
15:17 Castle Age
13:34 Double-Bit Axe
14:18 Loom
16:14 Bow Saw
18:25 Horse Collar
21:00 Wheelbarrow
20:28 Fletching
21:50 Crossbowman
23:38 Gold Mining
24:16 Bodkin Arrow
24:45 Town Watch
26:10 Gold Shaft Mining
27:12 Hand Cart
27:42 Padded Archer Armor
34:24 Imperial Age
Connection lost

Rejoining the realm…

Still unreachable

The connection could not be restored.

Session expired

The server has moved on; the page needs a fresh start.